 Dungeon Crawl Stone Soup version 0.29-a0-648-g6b26cc9f40 (webtiles) character file.

Game seed: 6231521544389588443

142 zeratav the Sneak (level 5, -2/20 (25) HPs)
             Began as a Spriggan Arcane Marksman on June 20, 2022.
             Killed by divine providence
             ... invoked by an orc priest
              (13 damage)
             ... on level 3 of the Dungeon.
             The game lasted 00:05:03 (3336 turns).

zeratav the Sneak (Spriggan Arcane Marksman)        Turns: 3336, Time: 00:05:03

HP:   -2/20 (25)    AC:  6    Str:  6    XL:     5   Next: 3%
MP:   8/8           EV: 17    Int: 15    God:
Gold: 116           SH:  0    Dex: 17    Spells: 5/6 levels left

rFire   . . .      SeeInvis +   a - +0 shortbow {bow}
rCold   . . .      Faith    .   (shield currently unavailable)
rNeg    . . .      Spirit   .   b - +0 robe
rPois   .          Reflect  .   (helmet restricted)
rElec   .          Harm     .   (no cloak)
rCorr   .          Rampage  .   (gloves unavailable)
Will    .....                   (boots unavailable)
Stlth   +++.......              (no amulet)
HPRegen 0.06/turn               f - +4 ring of protection
MPRegen 0.11/turn               (no ring)

@: heavily drained, very quick
A: very small, no large weapons, unfitting armour, see invisible, speed 3
a: no special abilities


You were on level 3 of the Dungeon.
You visited 1 branch of the dungeon, and saw 3 of its levels.

You collected 140 gold pieces.
You spent 24 gold pieces at shops.


Innate Abilities, Weirdness & Mutations

You are very small and have problems with some larger weapons.
You are too small for most types of armour.
You have supernaturally acute eyesight. (SInv)
You cover ground extremely quickly. (Speed+++)


   Skills:
 - Level 0.7 Fighting
 + Level 4.9 Bows
 - Level 2.6 Dodging
 - Level 5.0 Stealth
 - Level 1.3 Spellcasting
 - Level 3.6 Hexes


You had 5 spell levels left.
You knew the following spells:

 Your Spells              Type           Power      Damage    Failure   Level
a - Slow                  Hex            44%        N/A       5%          1

Your spell library contained the following spells:

 Spells                   Type           Power      Damage    Failure   Level
 Necrotize                Necr           4%         1d4       24%         1
 Inner Flame              Hex/Fire       6%         N/A       34%         3
 Portal Projectile        Hex/Tloc       12%        N/A       34%         3
 Cause Fear               Hex            5%         N/A       47%         4
 Gell's Gravitas          Tloc           1%         N/A       56%         3
 Teleport Other           Tloc           1%         N/A       56%         3
 Vampiric Draining        Necr           1%         2d6       56%         3
 Agony                    Necr           1%         N/A       100%        5
 Dispersal                Tloc           0%         N/A       100%        6

Inventory:

Hand Weapons
 a - a +0 shortbow (weapon) {bow}
 d - a +2 short sword of draining {short}
   (You took it off an orc on level 3 of the Dungeon)
 o - the +1 dagger of Tickoc {flame, rElec rPois rF- rC+, short}
   (You took it off a goblin on level 2 of the Dungeon)

   It burns those it strikes, dealing additional fire damage.
   rF:        It makes you vulnerable to fire.
   rC:        It protects you from cold.
   rElec:     It insulates you from electricity.
   rPois:     It protects you from poison.
Armour
 b - a +0 robe (worn)
Jewellery
 e - a +6 ring of strength
   (You found it on level 1 of the Dungeon)
 f - a +4 ring of protection (left hand)
   (You found it on level 1 of the Dungeon)
Scrolls
 c - 2 scrolls of vulnerability {!r!r}
 g - a scroll of enchant armour
 i - a scroll of silence {!r}
 j - 4 scrolls of teleportation {unknown}
 m - 2 scrolls of blinking {unknown}
Potions
 h - 2 potions of heal wounds {unknown}
 k - a potion of curing {unknown}
 l - a potion of haste {unknown}
 n - a potion of degeneration {unknown}

Dungeon Overview and Level Annotations

Branches:
Dungeon (3/15) Zot: 15184

Altars:

Shops:
D:3

* .# . #..#
.###
....####.##
....
.........>#
..#
....####..#
..# . #..##
..# #...# ..#
#...# ..##
#...# ...#
#).@# ...#
#...#### ...#
#......# ...#
##†r##.# ####
.o... #
...o....
........>..
............
...!.........


You could see an orc priest, an orc and a rat.


Message History

HP[+3]
Your hp is fully restored (20).
You see here a +0 ring mail.
Things that are here:
a +2 ring mail of cold resistance; an orc skeleton You see here a +0 club {mace}.
Things that are here:
a +0 mace {mace}; a kobold corpse
Things that are here:
a +0 hunting sling {sling}; a +0 dagger {short}; a goblin corpse
Found Soxu's General Store.
There is an entrance to Soxu's General Store here.
p - a scroll of identify {@r1} Thank you for shopping at Soxu's General Store!
p - 2 scrolls of identify {@r1} (gained 1)
A kobold comes into view. It is wielding a +0 short sword.
The kobold unwields a +0 short sword.
The kobold wields a +0 hand crossbow.
The kobold shoots a bolt.
The bolt hits you but does no damage.
You shoot an arrow.
The arrow hits the kobold but does no damage.
You shoot an arrow. The arrow hits the kobold.
You kill the kobold!
No target in view!
No target in view!
No target in view!
As you read the scroll of identify {@r1}, it crumbles to dust.
g - a scroll of enchant armour
As you read the scroll of identify {@r1}, it crumbles to dust.
i - a scroll of silence
Okay, then.
Unknown command.
Things that are here:
a +0 hand crossbow {crossbow}; a +0 short sword {short}
Found a stone staircase leading up.
Found an escape hatch in the ceiling.
Found a stone staircase leading down.
There is a stone staircase leading up here.
A goblin comes into view. It is wielding a +0 club.
A goblin is nearby!
You shoot an arrow. The arrow hits the goblin.
The goblin shouts!
You shoot an arrow. The arrow hits the goblin!
You kill the goblin!
A frilled lizard comes into view.
You shoot an arrow. The arrow hits the frilled lizard.
You shoot an arrow. The arrow hits the frilled lizard!
You kill the frilled lizard!
No target in view!
No target in view!
No target in view!
Things that are here:
a +0 hand crossbow {crossbow}; a +0 short sword {short} A ball python comes into view.
A ball python is nearby!
You shoot an arrow. The arrow hits the ball python.
The ball python hisses angrily.
You shoot an arrow. The arrow hits the ball python.
You kill the ball python!
No target in view!
No target in view!
Found a stone staircase leading down.
Things that are here:
a +0 dagger {short}; a ball python corpse An orc priest and a rat come into view.
The orc priest looks satisfied for a moment.
There are monsters nearby!
You shoot an arrow. The arrow barely misses the rat.
You hear an angry hiss.
The orc priest miscasts a cantrip.
You shoot an arrow. The arrow barely misses the rat.
A frilled lizard comes into view.
The orc priest casts a cantrip, but nothing happens.
You shoot an arrow.
The arrow completely misses the frilled lizard.
You shoot an arrow. The arrow hits the frilled lizard.
The frilled lizard misses you.
You shoot an arrow.
The arrow closely misses the frilled lizard.
The arrow hits the orc priest!
The frilled lizard barely misses you.
An orc comes into view.
It is wielding a +0 dagger, quivering poisoned darts and carrying a wand of mindburst (7).
You shoot an arrow.
The arrow closely misses the frilled lizard.
The arrow barely misses the orc priest.
The rat closely misses you. The frilled lizard bites you.
The orc priest looks satisfied for a moment.
HP[-3]
You take 3 damage, and now have 17/20 hp.
You shoot an arrow. The arrow hits the frilled lizard.
You kill the frilled lizard!
The orc throws a poisoned dart.
The poisoned dart completely misses you.
The rat completely misses you. x2; The orc priest shoots a sling bullet.
The sling bullet closely misses you.
The orc throws a poisoned dart.
The poisoned dart closely misses you.
The orc zaps a wand.
Your mind is blasted!
The orc priest invokes the aid of Beogh against you.
Beogh smites you!
Ouch! That really hurt!
You die...

Skill      XL: |  1  2  3  4 |
---------------+-------------+-----
Stealth        | 2 4 5 |  5.0
Bows           | 3 4 |  4.9
Fighting       | |  0.7
Dodging        | |  2.6
Spellcasting   | |  1.3
Hexes          | |  3.6

Action                   |  1- 3 |  4- 6 || total
-------------------------+-------+-------++-------
Melee: Short sword       |     6 |     8 ||    14
 Fire: Shortbow          |   102 |   101 ||   203
 Cast: Slow              |       |     1 ||     1
  Use: Scroll            |       |     2 ||     2
 Stab: Sleeping          |     1 |       ||     1
Armor: Robe              |    17 |    15 ||    32
Dodge: Dodged            |    60 |    40 ||   100

Levels and vault maps discovered:
D:1:      saegor_arrival_under_anarchy, layout_basic, minmay_bisected
D:2:      layout_basic, hellmonk_ecumenical_altar_pennies_from_heaven
D:3:      layout_basic, serial_shops, shop

Notes
Turn   | Place    | Note
-------+----------+-------------------------------------------
     0 | D:1      | zeratav the Spriggan Arcane Marksman began the quest for
                  | the Orb.
     0 | D:1      | Reached XP level 1. HP: 9/9 MP: 3/3
     0 | D:1      | magus.rc [v1.9.6]
    56 | D:1      | Reached skill level 1 in Stealth
    61 | D:1      | Reached skill level 2 in Stealth
    63 | D:1      | Reached XP level 2. HP: 14/14 MP: 5/5
    75 | D:1      | Reached skill level 3 in Stealth
   398 | D:1      | Reached skill level 4 in Stealth
   652 | D:1      | Reached XP level 3. HP: 16/17 MP: 6/6
   986 | D:2      | You add the spells Gell's Gravitas, Teleport Other and
                  | Dispersal to your library.
  1054 | D:2      | Reached skill level 5 in Stealth
  1120 | D:2      | Reached skill level 3 in Bows
  1299 | D:2      | Found a faded altar of an unknown god.
  1442 | D:3      | Reached XP level 4. HP: 19/21 MP: 7/7
  1893 | D:3      | HP: 1/21 [orc priest/divine providence (12)]
  1898 | D:3      | Reached skill level 4 in Bows
  2220 | D:3      | You pick up a book of Necromancy and begin reading...
  2220 | D:3      | You add the spells Necrotize, Vampiric Draining and Agony
                  | to your library.
  2229 | D:3      | Identified the +1 dagger of Tickoc {flame, rElec rPois rF-
                  | rC+}
  2236 | D:3      | HP: 2/21 [orc/+0 trident (6)]
  2246 | D:3      | HP: 2/21 [orc/+0 trident (1)]
  3091 | D:3      | Reached XP level 5. HP: 17/20 MP: 8/8
  3174 | D:3      | Found Soxu's General Store.
  3178 | D:3      | Bought a scroll of identify for 24 gold pieces
  3336 | D:3      | Killed from afar by an orc priest

Vanquished Creatures
  An orc priest (D:3)
  4 adders
  A worm (D:2)
  A dart slug (D:1)
  10 orcs
  5 endoplasms
  2 giant cockroaches
  5 goblins
  4 hobgoblins
  4 jackals (D:1)
  3 ball pythons
  6 bats
  7 frilled lizards
  4 kobolds
  8 rats
65 creatures vanquished.

Table legend:
 A = Non-vault XP
 B = Vault XP
 C = Vault XP percentage of total XP
 D = Non-vault monster count
 E = Vault monster count
 F = Vault count percentage of total count
                 A         B        C        D         E       F
            +---------+---------+-------+---------+---------+-------
      Total |     196 |       7 |   3.4 |      60 |       5 |   7.7
            +---------+---------+-------+---------+---------+-------
        D:1 |      38 |       7 |  15.6 |      23 |       5 |  17.9
        D:2 |      57 |       0 |   0.0 |      17 |       0 |   0.0
        D:3 |     101 |       0 |   0.0 |      20 |       0 |   0.0
            +---------+---------+-------+---------+---------+-------

Illustrated notes

Table legend:
 A = Kills in this place as a percentage of kills in entire the game.
 B = Kills by you in this place as a percentage of kills by you in the entire game.
 C = Kills by friends in this place as a percentage of kills by friends in the entire game.
 D = Other kills in this place as a percentage of other kills in the entire game.
 E = Experience gained in this place as a percentage of experience gained in the entire game.
 F = Experience gained in this place divided by the number of levels of this place that you have seen.
                   A       B       C       D       E      F
               +-------+-------+-------+-------+-------+----------------------
         Total | 100.0 | 100.0 |   N/A |   N/A | 100.0 |  67.7
       Dungeon | 100.0 | 100.0 |   N/A |   N/A | 100.0 |  67.7
               +-------+-------+-------+-------+-------+----------------------

Table legend: (Time is in decaauts)
 A = Elapsed time spent in this place.
 B = Non-inter-level travel time spent in this place.
 C = Inter-level travel time spent in this place.
 D = Time resting spent in this place.
 E = Time spent auto-exploring this place.
 F = Levels seen in this place.
 G = Mean time per level.
                   A        B        C        D        E       F      G
               +--------+--------+--------+--------+--------+-----+--------+
         Total |   2814 |   2783 |     31 |   1258 |   1061 |   3 |  938.0 |
       Dungeon |   2814 |   2783 |     31 |   1258 |   1061 |   3 |  938.0 |
               +--------+--------+--------+--------+--------+-----+--------+

Top non-repeatable levels by time:
     D:2: 1536 daAuts
     D:1: 705 daAuts
     D:3: 572 daAuts
